 Dungeon Crawl Stone Soup version 0.25.0-11-g1f837a76a1 (webtiles) character file.

Game seed: 3908905548741417776

118 Flugkiller the Slasher (level 4, -1/28 HPs)
             Began as a Deep Elf Chaos Knight on June 25, 2020.
             Was a Plaything of Xom.
             Slain by a hobgoblin
             ... wielding a +0 club
              (5 damage)
             ... on level 3 of the Dungeon.
             The game lasted 00:02:54 (2955 turns).

Flugkiller the Slasher (Deep Elf Chaos Knight)      Turns: 2955, Time: 00:02:54

Health: -1/28      AC:  6    Str:  5    XL:     4   Next: 72%
Magic:  6/6        EV: 13    Int: 15    God:    Xom [..*...]
Gold:   48         SH:  0    Dex: 15    Spells: 3/3 levels left

rFire    . . .     SeeInvis .   a - +0 falchion (chaos)
rCold    . . .     Gourm    .   (no shield)
rNeg     . . .     Faith    .   b - +2 leather armour
rPois    .         Spirit   .   k - +1 hat
rElec    .         Reflect  .   (no cloak)
rCorr    .         Harm     .   (no gloves)
MR       .....                  (no boots)
Stlth    +.........             (no amulet)
HPRegen  0.09/turn              l - -4 ring of strength
MPRegen  0.10/turn              (no ring)

@: brilliant, about to teleport, stab
A: blurry vision 1, dopey 1, screaming 1
a: Renounce Religion


You were on level 3 of the Dungeon.
You worshipped Xom.
You were a toy of Xom.
You were hungry.

You visited 1 branch of the dungeon, and saw 3 of its levels.

You collected 48 gold pieces.

Inventory:

Hand Weapons
 a - a +0 falchion of chaos (weapon)
Armour
 b - a +2 leather armour (worn)
 k - a +1 hat (worn)
   (You found it on level 2 of the Dungeon)
Jewellery
 l - a -4 ring of strength (left hand)
   (You found it on level 2 of the Dungeon)
Scrolls
 m - a scroll of teleportation
Comestibles
 c - 2 rations
 f - 8 chunks of flesh


   Skills:
 + Level 3.1 Fighting
 * Level 4.0 Long Blades
 - Level 0.7 Armour
 + Level 3.5 Dodging


You had 3 spell levels left.
You didn't know any spells.
Your spell library was empty.

Dungeon Overview and Level Annotations

Branches:
Dungeon (3/15)

Altars:
Hepliaklqana
Kikubaaqudgha
The Shining One


Innate Abilities, Weirdness & Mutations

Scrolls take you a little longer to read.
You are dopey. (Int -2)
You occasionally shout uncontrollably at your foes.


Message History

Something hits you.
* * * LOW HITPOINT WARNING * * *
The ball python barely misses you. The ball python grabs you.
The ball python constricts you. Something hits you but does no damage.
You begin reading the scroll.
You continue reading the scroll.
The ball python bites you.
* * * LOW HITPOINT WARNING * * *
The ball python constricts you. The adder closely misses you.
You riposte.
You miss the adder. Something hits you.
* * * LOW HITPOINT WARNING * * *
You emit a cloud of colourful smoke!
As you read the scroll labeled XEISUMANWU, it crumbles to dust.
It is a scroll of identify.
You don't have any unidentified items.
Unknown command.
Unknown command.
You escape the ball python's grasp.
The adder misses you.
Unknown command.
Unknown command.
The ball python closely misses you. x2; The adder closely misses you.
Unknown command.
The adder closely misses you.
You riposte.
You hit the adder.
The adder is poisoned.
The adder is lightly wounded.
Unknown command.
An orc comes into view. It is wielding a +0 mace.
The adder bites you but does no damage. The ball python closely misses you.
The ball python barely misses you.
The orc shouts!
You hear a shout!
Unknown command.
You aren't carrying any potions.
Unknown command.
Really read with blurry vision while enemies are nearby?
Okay, then.
Really read with blurry vision while enemies are nearby?
The adder misses you.
You begin reading the scroll.
You continue reading the scroll.
The ball python barely misses you.
You riposte.
You hit the ball python but do no damage.
The ball python is devoured by a tear in reality.
The adder closely misses you.
As you read the scroll of teleportation, it crumbles to dust.
You feel strangely unstable.
Unknown command.
Unknown command.
The adder completely misses you. Something hits you.
You die...

...... .....
.... ... #.#
######.###
#.....o..#
#....@J..#
#.....S§.#
#......§§####
#...........#
.............#
....#.........#
....#.........#
... #...§.....#
###.......#


You could see an ooze, an adder (poisoned) and an orc.

Vanquished Creatures
  5 adders (D:2)
  A worm (D:2)
  2 leopard geckos (D:1)
  7 orcs (D:3)
  6 bats
  4 giant cockroaches (D:2)
  10 goblins
  5 hobgoblins
  4 jackals
  6 kobolds
  3 frilled lizards
  5 rats
58 creatures vanquished.

Vanquished Creatures (others)
  A ball python (D:3)
1 creature vanquished.

Grand Total: 59 creatures vanquished

Notes
Turn   | Place    | Note
-------+----------+-------------------------------------------
     0 | D:1      | Flugkiller the Deep Elf Chaos Knight began the quest for
                  | the Orb.
     0 | D:1      | Reached XP level 1. HP: 13/13 MP: 3/3
    30 | D:1      | Reached skill level 3 in Long Blades
    92 | D:1      | Reached XP level 2. HP: 18/18 MP: 4/4
   414 | D:1      | XOM: silly message
   521 | D:1      | XOM: silly message
   718 | D:1      | Reached XP level 3. HP: 20/22 MP: 5/5
   984 | D:1      | XOM: noise
   988 | D:1      | XOM: silly message
  1111 | D:2      | XOM is BORED!
  1111 | D:2      | XOM: silly message
  1366 | D:1      | XOM: silly message
  1474 | D:2      | Found a hazy altar of Hepliaklqana.
  1768 | D:2      | XOM: silly message
  1791 | D:2      | Reached XP level 4. HP: 26/27 MP: 6/6
  1944 | D:2      | XOM: divination: detect creatures
  1987 | D:2      | XOM: swap monsters
  2067 | D:1      | XOM: give mutations
  2067 | D:1      | Gained mutation: You are dopey. (Int -2) [Xom's mischief]
  2067 | D:1      | Gained mutation: Scrolls take you a little longer to read.
                  | [Xom's mischief]
  2067 | D:1      | Gained mutation: You occasionally shout uncontrollably at
                  | your foes. [Xom's mischief]
  2734 | D:2      | Found a glowing golden altar of the Shining One.
  2765 | D:3      | Found an ancient bone altar of Kikubaaqudgha.
  2777 | D:3      | Reached skill level 4 in Long Blades
  2784 | D:3      | XOM: silly message
  2943 | D:3      | XOM: smoke on damage
  2955 | D:3      | Slain by a hobgoblin

Illustrated notes

Levels and vault maps discovered:
D:1:      dpeg_arrival_rooms_with_view, layout_basic
D:2:      layout_basic, tso_altar, lemuel_round_altar, minmay_misc_feat_pillars
D:3:      layout_basic, nicolae_overflow_hidden_temple,
          nicolae_overflow_crystal_walls, overflow_temple_1_default

Skill      XL: |  1  2  3  4 |
---------------+-------------+-----
Long Blades    | 3 4 |  4.0
Dodging        | 3 |  3.5
Fighting       | 3 |  3.1
Armour         | |  0.7

Action                   |  1- 3 |  4- 6 || total
-------------------------+-------+-------++-------
Melee: Falchion          |    96 |    94 ||   190
  Use: Scroll            |       |     6 ||     6
       Potion            |       |     2 ||     2
 Stab: Sleeping          |     1 |       ||     1
  Eat: Chunk             |     3 |     3 ||     6
Armor: Leather armour    |    29 |    38 ||    67
Dodge: Dodged            |    63 |    83 ||   146
       Rpst.: Falchion   |    12 |    23 ||    35
